 Dungeon Crawl Stone Soup version 0.29-a0-266-gf56f883ddd (webtiles) character file.

Game seed: 3176924594018810471

3560 Inarius the Cleaver (level 9, -5/68 HPs)
             Began as a Demonspawn Fighter on Mar 6, 2022.
             Was a Follower of Makhleb.
             Slain by a death yak (13 damage)
             ... on level 8 of the Dungeon.
             The game lasted 00:11:16 (8399 turns).

Inarius the Cleaver (Demonspawn Fighter)            Turns: 8399, Time: 00:11:17

Health: -5/68      AC: 15    Str: 21    XL:     9   Next: 83%
Magic:  12/12      EV: 14    Int: 10    God:    Makhleb [*.....]
Gold:   336        SH:  9    Dex: 12    Spells: 8/8 levels left

rFire   x . .      SeeInvis .   a - +1 war axe
rCold   + + .      Faith    .   r - +0 kite shield
rNeg    . . .      Spirit   .   q - +0 ice dragon scales
rPois   +          Reflect  .   s - +1 helmet
rElec   .          Harm     .   D - +0 cloak {rPois}
rCorr   .          Rampage  .   E - +0 pair of gloves
Will    .....                   (no boots)
Stlth   ..........              (no amulet)
HPRegen 0.21/turn               j - +4 ring of evasion
MPRegen 0.26/turn               b - +4 ring of slaying

@: about to teleport
A: repulsion field 2, powered by death 2, magic regeneration, demonic touch 1
a: Renounce Religion


You were on level 8 of the Dungeon.
You worshipped Makhleb.
Makhleb was aware of your devotion.
You visited 2 branches of the dungeon, and saw 9 of its levels.

You collected 434 gold pieces.
You spent 98 gold pieces at shops.

Inventory:

Hand Weapons
 a - a +1 war axe (weapon)
 m - a +0 morningstar
 o - a +0 eveningstar
Missiles
 n - 3 throwing nets (quivered)
Armour
 q - +0 ice dragon scales (worn)
 r - a +0 kite shield (worn)
 s - a +1 helmet (worn)
 x - a +0 chain mail
 D - a +0 cloak of poison resistance (worn)
 E - a +0 pair of gloves (worn)
Jewellery
 b - a +4 ring of slaying (right hand)
 j - a +4 ring of evasion (left hand)
Wands
 y - a wand of flame (19)
 C - a wand of iceblast (17)
Scrolls
 h - a scroll of blinking
 i - 5 scrolls of vulnerability
 A - 2 scrolls of enchant weapon
 H - a scroll of amnesia {unknown}
 I - a scroll of magic mapping {unknown}
Potions
 c - a potion of ambrosia
 d - 2 potions of heal wounds {unknown}
 e - 2 potions of mutation {unknown}
 f - a potion of invisibility
 g - a potion of degeneration {unknown}
 l - a potion of might
 p - 2 potions of attraction {unknown}
 t - 3 potions of flight {unknown}
 u - a potion of brilliance
 v - a potion of lignification {unknown}
 w - 2 potions of curing
 z - 2 potions of berserk rage {unknown}
 F - a potion of resistance {unknown}
 G - a potion of magic {unknown}


   Skills:
 + Level 5.2 Fighting
 * Level 9.9 Axes
 + Level 5.1 Armour
 + Level 4.7 Shields
 * Level 4.4 Invocations
 * Level 3.4 Evocations


You had 8 spell levels left.
You didn't know any spells.
Your spell library contained the following spells:

 Spells                   Type           Power      Damage    Failure   Level
 Dazzling Flash           Conj/Hex       0%         N/A       100%        3
 Iskenderun's Mystic Bla  Conj/Tloc      0%         2d3       100%        4
 Starburst                Conj/Fire      0%         6d3       100%        6


Dungeon Overview and Level Annotations

Branches:
Dungeon (8/15)             Temple (1/1) D:5
   Lair: D:8-11

Altars:
Dithmenos
Elyvilon
Fedhas
Gozag
Hepliaklqana
Makhleb
Nemelex Xobeh
Okawaru
Ru
Sif Muna
Trog
Uskayaw
Vehumet
Yredelemnul

Shops:
D:3 [   D:4 [


Innate Abilities, Weirdness & Mutations

You are surrounded by a moderate repulsion field. (EV +3)
You regenerate health from kills.
You regenerate magic rapidly.
Your touch may inflict minor irresistible damage on your foes.


Message History

The death yak is lightly wounded.
You hear a shout! x2
Aiming: Corrosive Bolt
Press: ? - help, Shift-Dir - straight line, f/p - elephant
Aim: an elephant (moderately wounded, covered in acid, 100% to hit)
The bolt of acid hits the elephant!
The elephant seems to be corroded for longer.
The elephant is heavily wounded.
The bolt of acid hits the death yak!
The acid corrodes the death yak!
The death yak is lightly wounded.
The now-empty wand crumbles to dust.
An orc warrior comes into view. It is wielding a +0 trident.
You slash the elephant!
The elephant is severely wounded.
The elephant tramples you!
You hold your ground!
You block the elephant's attack.
An orc comes into view. It is wielding a +1 vampiric dagger.
The elephant tramples you!
You hold your ground!
The elephant trunk-slaps you but does no damage.
You slash the elephant!
The elephant is almost dead.
The elephant tramples you!
You hold your ground!
The elephant trunk-slaps you but does no damage.
You slash the elephant!
The elephant is almost dead.
You block the elephant's attack. x2
You slash the elephant!
You kill the elephant!
Makhleb accepts your kill.
Unknown command.
The death yak attacks as you move away! The death yak gores you!
Things that are here:
a black bear corpse; a black bear corpse The death yak attacks as you move away!
You block the death yak's attack.
The death yak is no longer covered in acid.
As you read the scroll of teleportation, it crumbles to dust.
You feel strangely unstable. The death yak gores you!
* * * LOW HITPOINT WARNING * * *
The death yak attacks as you move away! The death yak gores you!
You die...

##.#
##############'#....#.
...# ....^....#.......#.
####
##############.#...#####.
#........<...#.#...# #.
#.#####.####.#.#...# #.
#........#.#...# #.
#.#......#.##.######.
#.#..#...#......(....
#.#.@....####.#####..
#.##Y##..#....# #..
#....[...#.########..
####o##.##.# #...#..
#o##.##.# #)..#..
#.##....####...#..
#.#.......##...#..
##.'........'...'..
#.##.[.....##...#.#


You could see a death yak, an orc warrior and an orc.

Vanquished Creatures
  An elephant (D:8)
  Grinder (D:3)
  Edmund (D:4)
  2 water moccasins (D:6)
  An ice beast (D:7)
  A sky beast (D:6)
  4 black bears
  An ogre (D:5)
  Blork the orc (D:6)
  5 bullfrogs
  5 scorpions
  2 necrophages
  5 wights (D:7)
  3 howler monkeys (D:7)
  A hound (D:4)
  A jelly (D:8)
  2 orc priests
  2 gnoll shamans
  Crazy Yiuf (D:5)
  Ijyb (D:4)
  7 iguanas
  4 orc wizards
  Terence (D:3)
  Robin (D:3)
  10 adders
  13 gnolls
  A shadow imp (D:7)
  2 worms
  17 orcs
  3 endoplasms (D:1)
  6 giant cockroaches
  12 goblins
  8 hobgoblins
  3 jackals (D:4)
  3 quokkas
  8 ball pythons
  2 bats (D:1)
  5 frilled lizards
  7 kobolds
  12 rats
  A spectral orc (D:3)
167 creatures vanquished.

Vanquished Creatures (others)
  An orc wizard (D:6)
  A fungus (D:1)
  7 plants
9 creatures vanquished.

Grand Total: 176 creatures vanquished

Notes
Turn   | Place    | Note
-------+----------+-------------------------------------------
     0 | D:1      | Inarius the Demonspawn Fighter began the quest for the Orb.
     0 | D:1      | Reached XP level 1. HP: 18/18 MP: 1/1
   275 | D:1      | Reached skill level 2 in Axes
   275 | D:1      | Gained mutation: Your touch may inflict minor irresistible
                  | damage on your foes. [demonic ancestry]
   275 | D:1      | Reached XP level 2. HP: 14/24 MP: 2/2
   619 | D:1      | Found a faded altar of an unknown god.
  1154 | D:2      | Reached XP level 3. HP: 29/29 MP: 3/3
  1229 | D:2      | Reached skill level 3 in Axes
  1434 | D:2      | Reached XP level 4. HP: 25/35 MP: 4/4
  1982 | D:3      | Found Paguhiv's Armour Emporium.
  2018 | D:3      | Bought a +0 kite shield for 49 gold pieces
  2030 | D:3      | Bought a +0 cloak for 49 gold pieces
  2130 | D:3      | Found a hazy altar of Hepliaklqana.
  2148 | D:3      | Noticed Robin
  2323 | D:3      | Killed Robin
  2496 | D:3      | Noticed Grinder
  2503 | D:3      | Paralysed by Grinder for 2 turns
  2506 | D:3      | Killed Grinder
  2507 | D:3      | Reached skill level 4 in Axes
  2507 | D:3      | Gained mutation: You regenerate magic rapidly. [demonic
                  | ancestry]
  2507 | D:3      | Reached XP level 5. HP: 41/42 MP: 5/5
  2507 | D:3      | Gained mutation: You are surrounded by a mild repulsion
                  | field. (EV +2) [demonic ancestry]
  2507 | D:3      | Reached XP level 6. HP: 47/48 MP: 6/6
  2531 | D:3      | Found a faded altar of an unknown god.
  2535 | D:3      | Found a shadowy altar of Dithmenos.
  2594 | D:3      | Noticed Terence
  2600 | D:3      | Killed Terence
  2601 | D:3      | Reached skill level 5 in Axes
  2622 | D:3      | Found a bloodstained altar of Trog.
  2921 | D:3      | Found a basalt altar of Yredelemnul.
  3134 | D:4      | Found Turuacw's Antique Armour Boutique.
  3139 | D:4      | Noticed Ijyb
  3357 | D:4      | Killed Ijyb
  3358 | D:4      | Gained mutation: You are surrounded by a moderate repulsion
                  | field. (EV +3) [demonic ancestry]
  3358 | D:4      | Reached XP level 7. HP: 26/53 MP: 7/7
  3428 | D:4      | Noticed Edmund
  3616 | D:4      | Found a sacrificial altar of Ru.
  3792 | D:4      | Reached skill level 6 in Axes
  4435 | D:4      | Killed Edmund
  4837 | D:5      | Entered Level 5 of the Dungeon
  5111 | D:5      | Reached skill level 7 in Axes
  5111 | D:5      | Gained mutation: You regenerate a little health from kills.
                  | [demonic ancestry]
  5111 | D:5      | Reached XP level 8. HP: 60/60 MP: 8/8
  5250 | D:5      | Found a staircase to the Ecumenical Temple.
  5259 | Temple   | Entered the Ecumenical Temple
  5301 | Temple   | Became a worshipper of Makhleb the Destroyer
  5782 | D:5      | Found a runed translucent door.
  5783 | D:5      | Noticed Crazy Yiuf
  5792 | D:5      | Killed Crazy Yiuf
  5883 | D:6      | Reached skill level 1 in Evocations
  5917 | D:6      | Noticed Blork the orc
  5928 | D:6      | Killed Blork the orc
  5929 | D:6      | Reached skill level 1 in Invocations
  6078 | D:6      | Reached skill level 8 in Axes
  6630 | D:6      | Gained mutation: You regenerate health from kills. [demonic
                  | ancestry]
  6630 | D:6      | Reached XP level 9. HP: 61/66 MP: 10/10
  6663 | D:6      | Found a radiant altar of Vehumet.
  7175 | D:7      | Reached * piety under Makhleb
  7365 | D:7      | Reached skill level 9 in Axes
  7498 | D:7      | Found an opulent altar of Gozag.
  7930 | D:8      | Found a shimmering blue altar of Sif Muna.
  7950 | D:8      | Reached skill level 5 in Fighting
  8163 | D:8      | Reached skill level 5 in Armour
  8353 | D:8      | Noticed an elephant
  8381 | D:8      | Noticed a death yak
  8389 | D:8      | Killed an elephant
  8399 | D:8      | Slain by a death yak

Illustrated notes

Levels and vault maps discovered:
D:1:      dpeg_arrival_simpleton_a, layout_loops_ring,
          shapermc_ecumenical_altar_mp_ritualfount,
          minmay_misc_feat_secret_circle
D:2:      layout_rooms
D:3:      layout_loops_cross, yredelemnul_forgotten_temple_becter,
          nicolae_overflow_ecumenical_swirl, bloody_trog,
          nicolae_hepliaklqana_hazy_memory, serial_shops, shop,
          nicolae_underground_beach, uniq_robin, uniq_grinder, uniq_terence
D:4:      layout_cave_pods, nicolae_ru_awakened_eye, portal_sewer_entry_e,
          serial_shops, shop, kennysheep_generic_room_11, uniq_ijyb, uniq_edmund
D:5:      layout_basic, minmay_temple_entry_poolview, uniq_crazy_yiuf_cottage
D:6:      layout_loops_ring, general_overflow_altar, uniq_blork_the_orc
D:7:      layout_loops_ring, grunt_gozag_breadcrumbs, hangedman_decor_push
D:8:      layout_basic, old_standard_altar, david_lair_generic
Temple:   jpeg_temple_alley_garden

Skill      XL: |  1  2  3  4  5  6  7  8  9 |
---------------+----------------------------+-----
Axes           | 2 3 4 5 7 8 9 |  9.9
Armour         | 3 4 5 |  5.1
Shields        | 3 4 |  4.7
Fighting       | 4 5 |  5.2
Evocations     | 2 3 |  3.4
Invocations    | 2 4 |  4.4

Action                   |  1- 3 |  4- 6 |  7- 9 || total
-------------------------+-------+-------+-------++-------
Melee: War axe           |    99 |   104 |   407 ||   610
Evoke: Wand              |       |       |     5 ||     5
  Use: Potion            |     1 |     2 |       ||     3
       Scroll            |       |     7 |     5 ||    12
Armor: Scale mail        |    50 |     5 |       ||    55
       Ice dragon scales |       |    44 |   181 ||   225
Dodge: Dodged            |    47 |    43 |   274 ||   364
Block: Buckler           |    27 |     4 |       ||    31
       Kite shield       |       |    43 |   201 ||   244

Table legend: (Time is in decaauts)
 A = Elapsed time spent in this place.
 B = Non-inter-level travel time spent in this place.
 C = Inter-level travel time spent in this place.
 D = Time resting spent in this place.
 E = Time spent auto-exploring this place.
 F = Levels seen in this place.
 G = Mean time per level.
                   A        B        C        D        E       F      G
               +--------+--------+--------+--------+--------+-----+--------+
         Total |   8609 |   8303 |    306 |    928 |   5346 |   9 |  956.6 |
       Dungeon |   8541 |   8260 |    281 |    928 |   5312 |   8 | 1067.6 |
        Temple |     67 |     42 |     25 |      0 |     34 |   1 |   67.0 |
               +--------+--------+--------+--------+--------+-----+--------+

Top non-repeatable levels by time:
     D:3: 1432 daAuts
     D:4: 1422 daAuts
     D:1: 1145 daAuts
     D:6: 1136 daAuts
     D:2: 970 daAuts
     D:5: 958 daAuts
     D:7: 935 daAuts
     D:8: 540 daAuts
  Temple: 67 daAuts
